 Dungeon Crawl Stone Soup version 0.17.1-2-g5865329 (webtiles) character file.

666 Lonerover the Skirmisher (level 7, -3/67 HPs)
             Began as a Minotaur Fighter on Jan 27, 2016.
             Was a Believer of Okawaru.
             Slain by an orc warrior
             ... wielding a +0 short sword
              (10 damage)
             ... on level 6 of the Dungeon.
             The game lasted 00:11:34 (3927 turns).

Lonerover the Skirmisher (Minotaur Fighter)         Turns: 3927, Time: 00:11:34

Health: -3/67      AC: 13    Str: 23    XL:     7   Next: 31%
Magic:  4/6        EV:  7    Int:  5    God:    Okawaru [**....]
Gold:   179        SH: 11    Dex:  9    Spells: 0 memorised, 6 levels left

rFire  . . .     SeeInvis .     f - +1 hand axe (freeze)
rCold  . . .     Clarity  .     E - +0 plate armour
rNeg   . . .     SustAt   .     c - +0 shield
rPois  .         Gourm    .     (helmet restricted)
rElec  .         Spirit   .     (no cloak)
rCorr  .         Warding  .     (no gloves)
rMut   .         Stasis   .     (no boots)
MR     .....                    (no amulet)
Stlth  ..........               (no ring)
                                (no ring)

@: heroism, not resistant to hostile enchantments, extremely unstealthy
A: retaliatory headbutt, horns 2
a: Heroism, Renounce Religion


You were on level 6 of the Dungeon.
You worshipped Okawaru.
Okawaru was pleased with you.
You were very hungry.

You visited 2 branches of the dungeon, and saw 7 of its levels.

You collected 179 gold pieces.

Inventory:

Hand Weapons
 a - a +0 war axe
 f - a +1 hand axe of freezing (weapon)
Armour
 b - a +0 scale mail
 c - a +0 shield (worn)
 w - a +0 chain mail
 E - a +0 plate armour (worn)
Jewellery
 r - an uncursed ring of magical power {unknown}
 t - a +4 ring of slaying {unknown}
 y - the ring "Bivaq" {*Drain rF+++ Int-4 Dex+2 Stlth+, unknown}
   (You found it on level 4 of the Dungeon)

   [ring of stealth]

   It affects your intelligence (-4).
   It affects your dexterity (+2).
   It renders you almost immune to fire.
   It causes draining when unequipped.
   It makes you more stealthy.
Wands
 D - a wand of random effects (38)
Scrolls
 g - 3 scrolls of remove curse {unknown}
 h - a scroll of amnesia {unknown}
 i - 2 scrolls of random uselessness {unknown}
 k - 6 scrolls of identify {unknown}
 m - 2 scrolls of teleportation {unknown}
 s - 2 scrolls of noise {unknown}
 u - a scroll of blinking {unknown}
 v - a scroll of enchant armour {unknown}
 C - a scroll of fear {unknown}
 F - 2 scrolls of immolation {unknown}
 G - a scroll of recharging {unknown}
Potions
 d - a potion of might
 j - 2 potions of flight {unknown}
 l - 2 potions of curing {unknown}
 n - a potion of degeneration {unknown}
 p - a potion of magic {unknown}
 q - 2 potions of agility {unknown}
 z - a potion of brilliance {unknown}
 A - a potion of ambrosia {unknown}
 B - a potion of lignification {unknown}
 I - 3 potions of haste {unknown}
 J - a potion of cure mutation {unknown}
Comestibles
 e - 3 bread rations
 o - 3 slices of pizza
 x - 2 meat rations
 H - a beef jerky


   Skills:
 + Level 7.6(12.6) Fighting
 + Level 7.2(12.2) Axes
 - Level 3.6(8.6) Armour
 - Level 3.6(8.6) Shields


You had 6 spell levels left.
You didn't know any spells.

Dungeon Overview and Level Annotations

Branches:
Dungeon (6/15)             Temple (1/1) D:4

Altars:
Ashenzari
Cheibriados
Dithmenos
Elyvilon
Fedhas
Kikubaaqudgha
Makhleb
Nemelex Xobeh
Okawaru
Qazlal
Ru
Trog
Vehumet
Xom
Yredelemnul
The Shining One


Innate Abilities, Weirdness & Mutations

You reflexively headbutt those who attack you in melee.
You have a pair of horns on your head.


Message History

You block the orc warrior's attack.
Your plate armour prevents you from hitting the orc warrior.
The orc warrior is heavily wounded.
The orc warrior hits you with a short sword.
You hit the orc warrior but do no damage.
The orc warrior is heavily wounded.
The orc warrior hits you with a short sword.
You barely miss the orc warrior.
The orc warrior is heavily wounded.
The orc warrior hits you with a short sword!
* * * LOW HITPOINT WARNING * * *
You are too injured to fight recklessly!
You are too injured to fight recklessly!
Unknown command.
There is an open door here.
You hear the slow rusting of a very distant drain.
You gain the combat prowess of a mighty hero.
You feel slightly more hungry.
The orc warrior hits you with a short sword!
You die...

#... ....#
#...####)...###
#.....#.......#
#.....)##....
##....## .
#'#### ##.#
#o.# #@## #.###
#.#!## #.#?(#
#.##$.... #.#
?⌠..⌠ #.# [...
#.# #.# ... #.#
###.# ....


You could see an orc warrior.

Vanquished Creatures
  The ghost of emiel the Cudgeler, an amateur OgFi (D:4)
  3 ogres (D:5)
  A giant frog (D:5)
  A hound (D:5)
  A jelly (D:6)
  2 worker ants (D:5)
  A worker ant zombie (D:5)
  Robin (D:4)
  3 adders
  An ooze (D:2)
  4 worms
  3 giant geckos
  7 orcs
  11 bats
  3 giant cockroaches
  14 goblins
  9 hobgoblins
  3 quokkas
  2 ball pythons
  A ball python zombie (D:5)
  A giant gecko zombie (D:5)
  7 giant newts
  4 kobolds
  2 quokka zombies
  9 rats
95 creatures vanquished.

Notes
Turn   | Place    | Note
--------------------------------------------------------------
     0 | D:1      | Lonerover the Minotaur Fighter began the quest for the Orb.
     0 | D:1      | Reached XP level 1. HP: 19/19 MP: 0/0
   153 | D:1      | Reached XP level 2. HP: 27/27 MP: 1/1
   183 | D:1      | Reached skill level 4 in Fighting
   622 | D:2      | Reached XP level 3. HP: 29/34 MP: 2/2
   778 | D:2      | Found a sacrificial altar of Ru.
   783 | D:2      | Found a stormy altar of Qazlal.
   798 | D:2      | Found a shattered altar of Ashenzari.
   897 | D:2      | Reached XP level 4. HP: 41/41 MP: 3/3
  1416 | D:3      | Reached skill level 5 in Fighting
  1663 | D:3      | Found a sacrificial altar of Ru.
  1733 | D:3      | Found a snail-covered altar of Cheibriados.
  2053 | D:4      | Found a staircase to the Ecumenical Temple.
  2061 | Temple   | Entered the Ecumenical Temple
  2130 | Temple   | Became a worshipper of Warmaster Okawaru
  2215 | D:4      | Got a fine iron ring
  2363 | D:4      | Noticed emiel's ghost (amateur OgFi)
  2377 | D:4      | Killed emiel's ghost
  2377 | D:4      | Reached skill level 5 in Axes
  2377 | D:4      | Reached XP level 5. HP: 30/50 MP: 4/4
  2407 | D:4      | Noticed Robin
  2421 | D:4      | Killed Robin
  2672 | D:4      | Found a blossoming altar of Fedhas.
  2969 | D:5      | Entered Level 5 of the Dungeon
  3060 | D:5      | Reached * piety under Okawaru
  3060 | D:5      | Reached skill level 6 in Fighting
  3064 | D:5      | Reached XP level 6. HP: 57/57 MP: 5/5
  3231 | D:5      | Noticed an ogre
  3238 | D:5      | Killed an ogre
  3385 | D:5      | Noticed an ogre
  3390 | D:5      | Killed an ogre
  3390 | D:5      | Reached skill level 7 in Fighting
  3462 | D:5      | Noticed an ogre
  3465 | D:5      | Killed an ogre
  3465 | D:5      | Reached ** piety under Okawaru
  3465 | D:5      | Reached XP level 7. HP: 66/66 MP: 6/6
  3927 | D:6      | Slain by an orc warrior

Action                   |  1- 3 |  4- 6 |  7- 9 || total
-------------------------+-------+-------+-------++-------
Melee: Hand axe          |    72 |   112 |    29 ||   213
Invok: Heroism           |       |       |     1 ||     1
  Eat: Chunk             |       |     2 |       ||     2
       Meat ration       |       |     1 |       ||     1
       Pizza             |       |     1 |       ||     1
